 Dungeon Crawl Stone Soup version 0.31-a0-1603-gbec6b6ccbf (webtiles) character file.

Game seed: 14466028772900157559

2652 bjtr the Conjurer (level 9, -19/66 HPs)
             Began as a Human Conjurer on Jan 7, 2024.
             Was an Initiate of Vehumet.
             Hit by a large rock thrown by a cyclops (34 damage)
             ... on level 8 of the Dungeon.
             The game lasted 00:33:32 (9745 turns).

bjtr the Conjurer (Human Conjurer)                  Turns: 9745, Time: 00:33:32

Health: -19/66     AC:  6    Str:  7    XL:     9   Next: 62%
Magic:  0/18       EV: 13    Int: 24    God:    Vehumet [......]
Gold:   571        SH:  0    Dex: 11    Spells: 10/21 levels left

rFire   . . .        L - +6 flail (freeze)
rCold   + . .        (no shield)
rNeg    . . .        P - +0 leather armour
rPois   +            n - +0 helmet
rElec   .            T - scarf {repulsion}
rCorr   .            f - +1 pair of gloves
SInv    .            (no boots)
Will    .....        C - amulet of guardian spirit
Stlth   ++           h - ring of poison resistance
HPRegen 0.31/turn    g - ring of protection from cold
MPRegen 0.16/turn

%: repel missiles, guardian spirit
@: no status effects
A: explore regen
a: Renounce Religion


You were on level 8 of the Dungeon.
You worshipped Vehumet.
Vehumet was noncommittal.
You visited 2 branches of the dungeon, and saw 9 of its levels.

You collected 571 gold pieces.

Inventory:

Hand Weapons
 c - a +0 rapier
 d - a +0 long sword
 i - a +0 dagger
 k - a +0 dagger of protection
 l - a +0 hand axe
 r - a +2 short sword of venom
 s - a +0 flail
 u - a +1 whip of draining
 y - a +3 dagger of pain
 I - a +1 short sword of electrocution
 K - a +1 demon whip
 L - a +6 flail of freezing (weapon)
 M - a +1 dagger of speed
Missiles
 m - 7 curare-tipped darts
 x - 23 poisoned darts
 S - 4 darts of dispersal
Armour
 a - a +0 robe
 f - a +1 pair of gloves (worn)
 n - a +0 helmet (worn)
 P - a +0 leather armour (worn)
 T - a scarf of repulsion (worn)
Jewellery
 g - a ring of protection from cold (right hand)
 h - a ring of poison resistance (left hand)
 C - an amulet of guardian spirit (around neck)
 H - a ring of fire
 Q - a ring of positive energy
 V - an amulet of magic regeneration
Talismans
 j - a flux talisman
 J - a blade talisman
Wands
 B - a wand of iceblast (9)
 E - a wand of acid (14)
 F - a wand of digging (6)
 N - a wand of polymorph (7)
Scrolls
 o - 4 scrolls of teleportation
 t - a scroll of poison
 w - a scroll of amnesia
 G - 2 scrolls of identify
 O - 2 scrolls of vulnerability
 R - a scroll of fog
Potions
 b - 3 potions of magic
 e - a potion of haste
 p - a potion of heal wounds
 q - a potion of attraction
 v - a potion of mutation
 z - a potion of might
 A - 2 potions of ambrosia
 D - 2 potions of resistance
 U - a potion of invisibility {unknown}
 W - a potion of cancellation {unknown}


   Skills:
 + Level 4.4 Fighting
 + Level 1.4 Armour
 + Level 6.0 Dodging
 + Level 4.3 Stealth
 * Level 6.6 Spellcasting
 * Level 7.8 Conjurations


You had 10 spell levels left.
You knew the following spells:

 Your Spells              Type           Power      Damage    Failure   Level
a - Magic Dart            Conj           100%       1d8       1%          1
b - Searing Ray           Conj           90%        2d7       1%          2
c - Fulminant Prism       Conj/Alch      13%        3d8       22%         4
d - Iskenderun's Mystic   Conj/Tloc      26%        2d7       22%         4

Your spell library contained the following spells:

 Spells                   Type           Power      Damage    Failure   Level
 Slow                     Hex            28%        N/A       11%         1
 Lesser Beckoning         Tloc           14%        N/A       17%         2
 Confusing Touch          Hex            7%         N/A       32%         3
 Gell's Gravitas          Tloc           7%         N/A       32%         3
 Ozocubu's Armour         Ice            7%         N/A       32%         3
 Sigil of Binding         Hex            7%         N/A       32%         3
 Teleport Other           Tloc           7%         N/A       32%         3
 Vampiric Draining        Necr           7%         2d6       32%         3
 Metabolic Englaciation   Hex/Ice        3%         N/A       97%         5
 Sculpt Simulacrum        Ice/Alch       3%         N/A       100%        6


Dungeon Overview and Level Annotations

Branches:
Dungeon (8/15)             Temple (1/1) D:5
   Lair: D:8-11

Altars:
Ashenzari
Cheibriados
Dithmenos
Elyvilon
Fedhas
Gozag
Hepliaklqana
Kikubaaqudgha
Makhleb
Nemelex Xobeh
Okawaru
Qazlal
Ru
Sif Muna
Trog
Vehumet
Wu Jian
Yredelemnul
Zin
The Shining One

Annotations:
D:7 3 runed translucent doors, Selrock's ghost, novice TrBe; case's ghost, novice MiBe; innerfire43's ghost, novice DsWn; xnavy's ghost, novice OnCA


Innate Abilities, Weirdness & Mutations

You regain HP and MP as you explore.


Message History

Confirm with . or Enter, or press ? or * to list all spells.
Aiming: Fulminant Prism (dangerous; 22% risk of failure)
Press: ? - help, Dir - move target You miscast Fulminant Prism.
You are very lightly contaminated with residual magic.
Nothing appears to happen.
The cyclops throws a large rock.
The large rock hits you!!!
Unknown command.
Casting: Fulminant Prism (dangerous; 22% risk of failure)
Confirm with . or Enter, or press ? or * to list all spells.
Aiming: Fulminant Prism (dangerous; 22% risk of failure)
Press: ? - help, Dir - move target You conjure a prism of explosive energy!
A fulminant prism comes into view.
Unknown command.
You hear a loud crackle.
You hear an explosion!
You hear a shout!
Casting: Fulminant Prism (dangerous; 22% risk of failure)
Confirm with . or Enter, or press ? or * to list all spells.
You don't have enough magic to cast this spell.
Your magical contamination has completely faded away.
The cyclops misses you.
You hit the cyclops. You freeze the cyclops.
The cyclops is heavily wounded.
The cyclops hits you!!
* * * LOW HITPOINT WARNING * * *
Unknown command.
Casting: Fulminant Prism (dangerous; 22% risk of failure)
Confirm with . or Enter, or press ? or * to list all spells.
Aiming: Searing Ray (safe; 1% risk of failure)
Press: ? - help, Shift-Dir - straight line, f - cyclops
Aim: a cyclops, quivering large rocks (heavily wounded, 98% to hit)
The searing ray hits the cyclops.
The cyclops is heavily wounded. (Press . to maintain the ray.)
The cyclops throws a large rock.
The large rock misses you.
Without enough magic to sustain it, your searing ray dissipates.
The cyclops throws a large rock.
The large rock hits you!!
Ouch! That really hurt!
You die...

....##.## #)# #.#
....##..### #.# #)#
....###...######.
########.#
....####.........
#......#.#
....'......C....#
#......#.#
....####.#.###..####
#........# #####
#.#.#.....C.## #.........
#.# # #.##...# #......#.#
#.# #.#..@...## #......#.#
#.# #.........######'#.#.#
#.#."...##........##.#.#.#
#.#####'##...#..#.##.#.#.#
#.....#.##........#.#
#.....#.###..##.###.#
'.....#.#.......###.#
##.....#.#.##..#.##..#
#.......#.###...##.##


You could see a cyclops.

Vanquished Creatures
  Prince Ribbit (D:7)
  Menkaure (D:4)
  A steam dragon (D:8)
  2 orc warriors
  An ogre (D:4)
  A black bear (D:6)
  2 ice beasts
  A centaur (D:5)
  4 kobold brigands
  3 bullfrogs
  A scorpion (D:6)
  2 wights (D:6)
  A bombardier beetle (D:5)
  A hound (D:6)
  2 jellies
  3 orc priests
  A gnoll bouda (D:4)
  3 sleepcaps
  Ijyb (D:5)
  5 iguanas
  8 orc wizards
  8 gnolls
  6 adders
  2 white imps
  6 ufetubi
  A ribbon worm (D:3)
  22 orcs
  9 bats
  4 endoplasms
  2 giant cockroaches
  6 goblins
  9 hobgoblins
  4 quokkas
  7 ball pythons
  4 frilled lizards
  23 kobolds
  9 rats
167 creatures vanquished.

Vanquished Creatures (others)
  7 fulminant prisms
7 creatures vanquished.

Grand Total: 174 creatures vanquished

Notes
Turn   | Place    | Note
-------+----------+-------------------------------------------
     0 | D:1      | bjtr the Human Conjurer began the quest for the Orb.
     0 | D:1      | Reached XP level 1. HP: 13/13 MP: 3/3
   385 | D:1      | Reached XP level 2. HP: 19/19 MP: 3/5
   555 | D:1      | Found a faded altar of an unknown god.
  1024 | D:1      | Reached XP level 3. HP: 21/24 MP: 6/6
  1027 | D:1      | Learned a level 2 spell: Searing Ray
  1709 | D:2      | Reached skill level 5 in Conjurations
  1709 | D:2      | Reached XP level 4. HP: 30/30 MP: 2/7
  2726 | D:3      | Reached XP level 5. HP: 35/35 MP: 4/9
  2938 | D:3      | Found a sacrificial altar of Ru.
  3635 | D:4      | Reached XP level 6. HP: 38/42 MP: 1/11
  3811 | D:4      | Reached skill level 1 in Fighting
  3919 | D:4      | Noticed Menkaure
  3940 | D:4      | Killed Menkaure
  3941 | D:4      | Reached skill level 6 in Conjurations
  3941 | D:4      | Reached XP level 7. HP: 48/48 MP: 1/13
  4248 | D:4      | Found a blossoming altar of Fedhas.
  4254 | D:4      | Found a sparkling altar of Nemelex Xobeh.
  4259 | D:4      | Found an opulent altar of Gozag.
  4659 | D:5      | Entered Level 5 of the Dungeon
  4667 | D:5      | Learned a level 4 spell: Fulminant Prism
  4672 | D:5      | Learned a level 4 spell: Iskenderun's Mystic Blast
  4687 | D:5      | Noticed Ijyb
  4699 | D:5      | Killed Ijyb
  4859 | D:5      | Found a hazy altar of Hepliaklqana.
  5136 | D:5      | Reached skill level 5 in Spellcasting
  5250 | D:5      | Found a staircase to the Ecumenical Temple.
  5256 | Temple   | Entered the Ecumenical Temple
  5296 | D:5      | Reached XP level 8. HP: 42/56 MP: 4/15
  5710 | D:5      | Found a shimmering blue altar of Sif Muna.
  6104 | D:6      | Reached skill level 7 in Conjurations
  6534 | D:6      | Found a burning altar of Makhleb.
  6538 | D:6      | Found a glowing silver altar of Zin.
  6538 | D:6      | Noticed an angel
  6539 | D:6      | Noticed a cacodemon
  7209 | D:6      | Found a radiant altar of Vehumet.
  7217 | D:6      | Became a worshipper of Vehumet
  7312 | D:7      | Upgraded the game from 0.31-a0-1591-g515db51633 to
                  | 0.31-a0-1603-gbec6b6ccbf
  7453 | D:6      | Reached XP level 9. HP: 48/64 MP: 11/18
  7690 | D:7      | Reached skill level 5 in Dodging
  8099 | D:7      | Noticed Prince Ribbit
  8106 | D:7      | Killed Prince Ribbit
  8212 | D:7      | Found a runed translucent gate.
  8212 | D:7      | Found a runed translucent gate.
  8212 | D:7      | Found a runed translucent gate.
  8213 | D:7      | Noticed case's ghost (novice MiBe)
  8213 | D:7      | Noticed innerfire43's ghost (novice DsWn)
  8213 | D:7      | Noticed Selrock's ghost (novice TrBe)
  8213 | D:7      | Noticed xnavy's ghost (novice OnCA)
  9163 | D:8      | Noticed a cyclops
  9420 | D:8      | Reached skill level 1 in Armour
  9745 | D:8      | Hit by a large rock thrown by a cyclops

Illustrated notes

Levels and vault maps discovered:
D:1:      matt_arrival_spirals, layout_basic,
          hellmonk_ecumenical_altar_pennies_from_heaven, minmay_cut_off
D:2:      layout_rooms, serial_co_window_serial, co_window_paths_a,
          co_window_corner_a, co_window_of_opportunity_a, co_window_paths_b,
          co_window_paths_a, co_window_paths_b, co_window_paths_a,
          co_window_2corner, co_window_corner_b, co_window_corner_cb,
          co_window_broadway_b, co_window_broadway_a, co_window_sun,
          co_window_4corner_b, glass_columns_c, glass_columns_b,
          glass_columns_c, glass_columns_a, glass_columns_b
D:3:      layout_rooms, nicolae_ru_great_annihilating_truth
D:4:      layout_cave_pools, minmay_overflow_temple_star_quad, uniq_menkaure
D:5:      layout_loops_cross, lemuel_coloured_pillars_altar,
          worldfamousw_hep_ancestral_shrine, minmay_temple_entry_hall, uniq_ijyb
D:6:      layout_cave_pools, grunt_temple_overflow_order_and_chaos_2,
          vehumet_crystals
D:7:      layout_basic, gammafunk_ghost_cemetery, uniq_prince_ribbit1
D:8:      gammafunk_indiana_jones, layout_basic
Temple:   nicolae_temple_ecumenical_triangle

Skill      XL: |  1  2  3  4  5  6  7  8  9 |
---------------+----------------------------+-----
Conjurations   | 5 6 7 |  7.8
Spellcasting   | 3 4 5 6 |  6.6
Stealth        | 3 4 |  4.3
Fighting       | 1 3 4 |  4.4
Dodging        | 3 4 6 |  6.0
Armour         | 1 |  1.4

Action                     |  1- 3 |  4- 6 |  7- 9 || total
---------------------------+-------+-------+-------++-------
  Melee: Long sword        |    31 |    14 |       ||    45
         Unarmed           |     1 |       |       ||     1
         Short sword       |       |    29 |   160 ||   189
         Flail             |       |       |    88 ||    88
         Punch             |       |       |     8 ||     8
   Cast: Magic Dart        |    40 |    40 |    43 ||   123
         Searing Ray       |     3 |    13 |    22 ||    38
         Fulminant Prism   |       |       |     7 ||     7
  Evoke: Wand              |       |       |     3 ||     3
    Use: Scroll            |       |     8 |    10 ||    18
         Potion            |       |       |     3 ||     3
   Stab: Sleeping          |     3 |     1 |     1 ||     5
 Armour: Robe              |    18 |    34 |   227 ||   279
         Leather armour    |       |       |    58 ||    58
  Dodge: Dodged            |    31 |    41 |   245 ||   317

Table legend: (Time is in decaauts)
 A = Elapsed time spent in this place.
 B = Non-inter-level travel time spent in this place.
 C = Inter-level travel time spent in this place.
 D = Time resting spent in this place.
 E = Time spent auto-exploring this place.
 F = Levels seen in this place.
 G = Mean time per level.
                   A        B        C        D        E       F      G
               +--------+--------+--------+--------+--------+-----+--------+
         Total |   9802 |   9302 |    500 |   1219 |   6304 |   9 | 1089.1 |
       Dungeon |   9780 |   9280 |    500 |   1219 |   6304 |   8 | 1222.5 |
        Temple |     21 |     21 |      0 |      0 |      0 |   1 |   21.0 |
               +--------+--------+--------+--------+--------+-----+--------+

Top non-repeatable levels by time:
     D:7: 1556 daAuts
     D:2: 1495 daAuts
     D:5: 1439 daAuts
     D:6: 1391 daAuts
     D:1: 1266 daAuts
     D:4: 1128 daAuts
     D:3: 789 daAuts
     D:8: 713 daAuts
  Temple: 21 daAuts
